Map: Ujari

Players

Metasapien - Winner!

  • Race: Zerg Zerg
  • League: Platinum
  • Spawn Location: 0:00

SANEMAN - Winner!

  • Race: Protoss Protoss
  • Spawn Location: 3:00

perro - Winner!

  • Race: Protoss Protoss
  • League: Gold
  • Spawn Location: 3:00

Digide

  • Race: Protoss Protoss
  • League: Gold
  • Spawn Location: 0:00

ZergSoupYum

  • Race: Terran Terran
  • Spawn Location: 9:00

marcus

  • Race: Protoss Protoss
  • Spawn Location: 9:00

VOD

Have the link to the VOD?

Description

Time

  • Played on: Sept. 24, 2017, 12:41 p.m.
  • Length: 9:13
Show
View Real Time Build Order
Export as new Build Order

Metasapien Zerg - Winner!

Build Orders: 3 Hatch before Pool, Swarm Host 

Get SALT Encoding   

  12  0:05  Drone  
  13  0:14  Drone  
  13  0:17  Overlord  
  14  0:22  Extractor  
  14  0:25  Drone  
  14  0:55  Hatchery  
  13  1:00  Drone  
  13  1:01  Drone  
  15  1:31  Drone  
  16  1:32  Hatchery  
  15  1:41  Drone  
  15  1:42  Drone  
  15  1:44  Drone  
  18  1:57  Drone  
  19  2:04  Drone  
  20  2:14  Overlord  
  20  2:21  Spawning Pool  
  19  2:25  Drone x2  
  21  2:32  Drone  
  21  2:33  Extractor  
  21  2:34  Drone  
  22  2:38  Drone  
  22  2:42  Drone  
  24  2:47  Drone  
  25  2:52  Drone  
  25  2:55  Drone  
  25  2:57  Drone  
  28  3:03  Drone  
  30  3:05  Drone  
  30  3:09  Zergling x2  
  30  3:10  Zergling x2  
  30  3:12  Queen  
  34  3:17  Queen  
  36  3:23  Queen  
  38  3:27  Metabolic Boost  
  38  3:32  Drone  
  38  3:33  Drone  
  40  3:35  Extractor  
  40  3:37  Drone x2  
  41  3:41  Drone  
  41  3:42  Overlord  
  41  3:46  Extractor  
  41  3:48  Overlord  
  41  3:57  Lair  
  41  4:03  Drone x2  
  41  4:04  Drone x2  
  41  4:05  Drone  
  41  4:07  Overlord  
  46  4:16  Zergling x6  
  49  4:27  Roach Warren  
  49  4:29  Spore Crawler  
  49  4:30  Drone x4  
  51  4:31  Drone  
  51  4:35  Drone  
  51  4:36  Drone  
  51  4:37  Drone  
  55  4:52  Drone x3  
  58  5:00  Infestation Pit  
  58  5:01  Hydralisk Den, Drone x2  
  58  5:02  Drone x2  
  58  5:05  Drone x2  
  58  5:06  Drone  
  63  5:07  Drone  
  63  5:08  Drone x2  
  63  5:11  Overlord  
  63  5:12  Overlord  
  66  5:14  Extractor  
  66  5:19  Drone x2, Extractor  
  66  5:24  Spore Crawler  
  65  5:31  Overlord x2  
  65  5:35  Zergling x12  
  67  5:36  Zergling x6  
  67  5:38  Zergling x2  
  75  5:49  Drone x3  
  78  5:50  Drone x3  
  78  5:51  Overlord  
  81  6:06  Drone x2  
  81  6:07  Drone x2  
  85  6:13  Nydus Network  
  80  6:24  Hydralisk x5  
  80  6:25  Hydralisk x4  
  83  6:28  Pneumatized Carapace  
  87  6:33  Spore Crawler  
  87  6:34  Spore Crawler  
  85  6:42  Spore Crawler  
  85  6:43  Drone x4  
  85  6:44  Drone  
  85  6:46  Overseer  
  89  6:48  Hydralisk x3  
  89  6:49  Hydralisk  
  97  6:55  Muscular Augments  
  97  7:03  Queen  
  97  7:04  Queen  
  101  7:09  Drone  
  101  7:11  Burrow  
  102  7:20  Hydralisk x2  
  106  7:22  Overlord  
  106  7:23  Overlord  
  106  7:24  Overlord  
  106  7:28  Hatchery  
  105  7:30  Overseer  
  105  7:35  Glial Reconstitution  
  105  7:39  Overlord x2  
  105  7:41  Overseer  
  105  7:48  Hydralisk x3  
  105  7:49  Roach x2, Hydralisk  
  105  7:51  Zergling x8  
  120  7:52  Zergling x4  
  120  7:54  Zergling x2  
  124  8:20  Evolution Chamber  
  124  8:22  Evolution Chamber  
  122  8:30  Hydralisk  
  122  8:31  Swarm Host x6, Zergling x4  
  144  8:34  Overlord x3  
  144  8:35  Overlord x3  
  144  8:36  Overlord  
  144  8:42  Drone  
  144  8:48  Drone  
  152  8:56  Nydus Canal  
Show
View Real Time Build Order
Export as new Build Order

SANEMAN Protoss - Winner!

Build Orders:  

Get SALT Encoding   

  12  0:03  Probe (Chrono Boost)  
  13  0:14  Pylon  
  13  0:23  Probe (Chrono Boost)  
  14  0:45  Forge  
  14  0:55  Pylon  
  14  1:03  Probe (Chrono Boost)  
  15  1:14  Probe (Chrono Boost)  
  16  1:22  Photon Cannon  
  16  1:24  Probe (Chrono Boost)  
  17  1:26  Photon Cannon  
  17  1:46  Pylon  
  17  1:48  Pylon  
  17  2:21  Photon Cannon  
  17  2:22  Photon Cannon  
  17  2:30  Photon Cannon  
  17  2:34  Photon Cannon  
  17  2:36  Pylon  
  17  3:21  Gateway  
  17  3:23  Gateway  
  17  3:24  Gateway  
  17  3:26  Photon Cannon  
  17  3:29  Assimilator  
  17  3:34  Probe (Chrono Boost), Assimilator  
  18  3:45  Probe (Chrono Boost)  
  19  3:55  Probe (Chrono Boost)  
  20  4:06  Probe (Chrono Boost)  
  21  4:12  Cybernetics Core  
  21  4:16  Probe (Chrono Boost), Pylon  
  22  4:23  Pylon  
  22  4:27  Probe (Chrono Boost)  
  23  4:39  Nexus  
  23  4:42  Assimilator  
  23  4:52  Twilight Council  
  23  4:57  Mothership Core (Chrono Boost)  
  25  5:04  Photon Cannon  
  25  5:12  Assimilator  
  25  5:18  Probe (Chrono Boost)  
  26  5:23  Warp Gate (Chrono Boost)  
  26  5:29  Probe  
  26  5:34  Dark Shrine  
  27  5:41  Probe  
  28  5:57  Probe  
  29  6:07  Probe x2  
  31  6:17  Gateway  
  31  6:18  Probe  
  31  6:19  Probe  
  31  6:25  Gateway  
  33  6:28  Probe  
  33  6:31  Probe  
  35  6:33  Gateway  
  35  6:39  Probe  
  35  6:43  Probe  
  37  6:55  Probe x2  
  39  7:05  Probe  
  40  7:16  Probe  
  40  7:20  Dark Templar x4  
  49  7:26  Probe  
  49  7:29  Dark Templar  
  52  7:37  Probe  
  53  7:45  Dark Templar  
  55  7:54  Pylon  
  55  7:55  Pylon  
  55  7:56  Pylon  
  55  8:15  Dark Templar x2  
  55  8:19  Dark Templar  
Show
View Real Time Build Order
Export as new Build Order

perro Protoss - Winner!

Build Orders:  

Get SALT Encoding   

  12  0:11  Pylon  
  12  0:17  Probe (Chrono Boost)  
  13  0:30  Forge  
  13  0:34  Probe (Chrono Boost)  
  14  0:44  Pylon  
  14  0:49  Probe (Chrono Boost)  
  15  1:06  Photon Cannon  
  15  1:13  Photon Cannon  
  15  1:36  Gateway  
  15  1:40  Pylon  
  15  1:45  Assimilator  
  16  1:47  Probe (Chrono Boost)  
  16  1:57  Probe (Chrono Boost)  
  16  2:00  Gateway  
  17  2:05  Photon Cannon  
  17  2:08  Probe (Chrono Boost)  
  18  2:14  Gateway  
  18  2:18  Probe (Chrono Boost)  
  19  2:27  Assimilator  
  19  2:29  Probe (Chrono Boost)  
  20  2:39  Probe (Chrono Boost)  
  20  2:41  Cybernetics Core  
  21  2:50  Probe (Chrono Boost)  
  22  2:51  Gateway  
  22  3:00  Probe (Chrono Boost)  
  23  3:10  Gateway  
  23  3:14  Gateway  
  23  3:18  Warp Gate (Chrono Boost)  
  23  3:21  Stalker  
  25  3:28  Pylon  
  25  3:35  Pylon  
  25  3:40  Pylon  
  25  3:47  Pylon  
  25  3:55  Stalker  
  27  4:04  Stalker  
  29  4:17  Photon Cannon  
  29  4:23  Stalker  
  31  4:31  Pylon  
  31  4:38  Pylon  
  31  4:43  Protoss Ground Weapons Level 1  
  31  5:26  Stalker x5  
  41  5:35  Stalker  
  43  6:10  Nexus  
  43  6:16  Assimilator  
  43  6:20  Assimilator  
  43  6:23  Stalker  
  45  6:37  Stalker x2  
  49  6:44  Protoss Ground Armor Level 1  
  49  6:55  Stalker  
  51  7:05  Stalker  
  53  7:14  Stalker  
  55  7:22  Stalker  
  57  7:36  Robotics Facility  
  57  7:50  Stalker  
  59  8:01  Stalker  
  59  8:05  Stalker  
  63  8:13  Probe  
  63  8:14  Probe  
  65  8:25  Probe (Chrono Boost)  
  65  8:26  Probe (Chrono Boost)  
  67  8:36  Probe (Chrono Boost)  
  67  8:39  Stalker  
  71  8:58  Stalker  
  73  9:07  Stalker  
Show
View Real Time Build Order
Export as new Build Order

Digide Protoss 

Build Orders: Double Forge, Nexus First 

Get SALT Encoding   

  12  0:40  Nexus  
  12  0:52  Pylon  
  12  0:53  Probe (Chrono Boost)  
  14  1:04  Probe (Chrono Boost)  
  14  1:15  Gateway  
  14  1:30  Probe (Chrono Boost)  
  15  1:38  Assimilator  
  15  1:40  Probe (Chrono Boost), Assimilator  
  15  1:44  Assimilator  
  16  1:51  Probe (Chrono Boost)  
  17  2:17  Pylon  
  17  2:55  Probe x2 (Chrono Boost), Forge  
  19  3:03  Cybernetics Core  
  19  3:06  Probe x2 (Chrono Boost)  
  19  3:08  Forge  
  21  3:24  Probe x2 (Chrono Boost)  
  23  3:30  Photon Cannon  
  23  3:33  Photon Cannon  
  23  3:34  Probe x2 (Chrono Boost)  
  23  3:35  Photon Cannon  
  25  3:45  Probe (Chrono Boost)  
  26  3:53  Probe (Chrono Boost)  
  28  3:55  Probe (Chrono Boost)  
  28  4:04  Probe (Chrono Boost)  
  28  4:06  Probe (Chrono Boost)  
  30  4:14  Probe (Chrono Boost)  
  30  4:16  Probe (Chrono Boost)  
  32  4:20  Stargate  
  32  4:25  Probe (Chrono Boost)  
  32  4:27  Probe (Chrono Boost)  
  34  4:35  Stargate  
  34  4:39  Assimilator  
  34  5:04  Stargate  
  34  5:10  Probe x2 (Chrono Boost)  
  36  5:17  Stargate  
  36  5:20  Probe (Chrono Boost)  
  36  5:21  Probe (Chrono Boost)  
  38  5:31  Probe x2 (Chrono Boost)  
  40  5:36  Void Ray  
  40  5:42  Probe x2 (Chrono Boost)  
  46  5:56  Pylon  
  46  5:59  Pylon  
  46  6:09  Pylon  
  46  6:14  Void Ray, Probe x2 (Chrono Boost)  
  52  6:25  Probe x2 (Chrono Boost)  
  54  6:35  Probe x2 (Chrono Boost)  
  54  6:36  Void Ray x2  
  54  6:37  Void Ray  
  68  6:46  Probe x2 (Chrono Boost)  
  70  7:07  Pylon  
  70  7:09  Pylon  
  70  7:11  Photon Cannon  
  70  7:12  Photon Cannon  
  70  7:17  Photon Cannon  
  70  7:22  Pylon  
  70  7:25  Void Ray x2  
  70  7:27  Void Ray x2  
  86  8:08  Void Ray  
  88  8:46  Photon Cannon  
Show
View Real Time Build Order
Export as new Build Order

ZergSoupYum Terran 

Build Orders:  

Get SALT Encoding   

  12  0:01  SCV  
  13  0:16  Supply Depot  
  13  0:20  SCV  
  14  0:32  SCV  
  15  0:36  Refinery  
  15  0:48  Barracks  
  15  0:52  SCV  
  16  0:58  Refinery  
  16  1:06  SCV  
  17  1:18  SCV  
  18  1:30  SCV  
  19  1:38  Factory  
  19  1:41  Barracks Reactor  
  11  3:08  Factory Tech Lab  
  11  3:44  Siege Tank  
  14  5:48  Refinery  
  14  5:49  Refinery  
  14  5:51  Refinery  
  11  7:46  SCV  
  12  7:58  SCV  
  13  8:10  SCV  
  14  8:21  Command Center  
  14  8:22  SCV  
  13  8:34  SCV  
Show
View Real Time Build Order
Export as new Build Order

marcus Protoss 

Build Orders:  

Get SALT Encoding   

  12  0:01  Probe (Chrono Boost)  
  13  0:13  Probe (Chrono Boost)  
  14  0:20  Pylon  
  14  0:23  Probe (Chrono Boost)  
  15  0:38  Probe (Chrono Boost)  
  16  0:49  Probe (Chrono Boost)  
  17  1:00  Probe (Chrono Boost)  
  18  1:15  Probe (Chrono Boost)  
  20  1:25  Probe (Chrono Boost)  
  20  1:36  Probe (Chrono Boost)  
  21  1:40  Gateway  
  21  1:49  Nexus  
  21  2:03  Assimilator  
  21  2:08  Probe (Chrono Boost), Assimilator  
  22  2:17  Forge  
  22  2:23  Pylon  
  22  2:35  Cybernetics Core  
  22  2:51  Photon Cannon  
  22  3:02  Probe (Chrono Boost)  
  23  3:10  Probe (Chrono Boost)  
  24  3:13  Probe (Chrono Boost)  
  24  3:15  Stargate  
  25  3:20  Stargate  
  25  3:21  Probe (Chrono Boost)  
  25  3:23  Assimilator  
  25  3:25  Probe (Chrono Boost)  
  27  3:27  Assimilator  
  27  3:32  Probe (Chrono Boost)  
  28  3:35  Probe (Chrono Boost)  
  29  3:42  Probe (Chrono Boost)  
  29  3:47  Pylon  
  30  3:49  Probe (Chrono Boost)  
  30  3:53  Probe (Chrono Boost)  
  32  3:59  Void Ray (Chrono Boost), Probe (Chrono Boost)  
  37  4:03  Probe  
  37  4:04  Void Ray (Chrono Boost)  
  42  4:13  Probe  
  42  4:15  Probe  
  44  4:20  Photon Cannon  
  44  4:24  Pylon  
  44  4:25  Probe  
  44  4:27  Probe  
  46  4:37  Void Ray (Chrono Boost)  
  50  4:42  Void Ray (Chrono Boost)  
  54  4:49  Photon Cannon  
  54  4:53  Probe x2  
  56  5:05  Probe x2  
  58  5:14  Void Ray (Chrono Boost)  
  62  5:22  Pylon  
  62  5:25  Pylon  
  62  5:40  Probe x2  
  62  5:41  Void Ray (Chrono Boost)  
  68  5:42  Nexus  
  68  5:52  Void Ray (Chrono Boost)  
  72  5:59  Stargate  
  72  6:02  Stargate  
  72  6:08  Pylon  
  72  6:31  Void Ray x2 (Chrono Boost)  
  80  6:48  Pylon  
  80  6:49  Pylon  
  80  7:01  Protoss Air Weapons Level 1 (Chrono Boost)  
  80  7:07  Void Ray  
  80  7:13  Fleet Beacon, Robotics Facility  
  84  7:40  Assimilator  
  84  7:41  Mothership Core  
  86  7:44  Assimilator  
  86  7:48  Pylon  
  86  7:50  Void Ray x2  
  86  7:51  Pylon  
  86  7:55  Pylon  
  86  7:56  Void Ray  
  98  7:58  Photon Cannon  
  98  8:01  Pylon  
  98  8:07  Nexus  
  98  8:08  Pylon  
  98  8:10  Pylon  
  98  8:13  Assimilator  
  98  8:18  Assimilator  
  98  8:21  Pylon  
  98  8:24  Probe  
  99  8:28  Photon Cannon  
  99  8:29  Photon Cannon  
  99  8:36  Probe, Photon Cannon  
  100  8:42  Observer  
  101  8:49  Probe  
Tags
 
Add a new tag
Caveats
  • Supply blocks, unpowered buildings, or Contaminate may cause inaccurate times.
  • Supply counts are checked every 10 seconds.